 Dungeon Crawl Stone Soup version 0.28.0-47-ge53b351184 (webtiles) character file.

Game seed: 17951799235498756491

5466 Kenran the Grappler (level 10, -1/100 HPs)
             Began as a Troll Monk on Apr 30, 2022.
             Was a Priest of Uskayaw.
             Slain by Snorg (3 damage)
             ... on level 10 of the Dungeon.
             The game lasted 00:20:54 (8383 turns).

Kenran the Grappler (Troll Monk)                    Turns: 8383, Time: 00:20:55

Health: -1/100     AC: 11    Str: 25    XL:     10   Next: 41%
Magic:  11/11      EV:  9    Int:  6    God:    Uskayaw [***...]
Gold:   520        SH:  6    Dex: 12    Spells: 9/9 levels left

rFire   . . .      SeeInvis .     - Unarmed
rCold   + . .      Faith    .   y - +0 kite shield
rNeg    . . .      Spirit   .   p - +0 steam dragon scales
rPois   .          Reflect  .   (helmet restricted)
rElec   .          Harm     .   B - scarf {repulsion}
rCorr   .          Rampage  .   (gloves unavailable)
Will    .....                   (boots unavailable)
Stlth   ++........              (no amulet)
HPRegen 1.06/turn               c - +4 ring of protection
MPRegen 0.12/turn               a - ring of protection from cold

@: repel missiles
A: large, unfitting armour, claws 3, regeneration 1, shaggy fur 1, tough skin 1
a: Renounce Religion, Stomp, Line Pass


You were on level 10 of the Dungeon.
You worshipped Uskayaw.
Uskayaw was noncommittal.
You visited 2 branches of the dungeon, and saw 11 of its levels.

You collected 520 gold pieces.

Inventory:

Missiles
 d - 2 boomerangs
 e - 26 poisoned darts
 f - 275 stones (quivered)
 s - a curare-tipped dart
Armour
 p - +0 steam dragon scales (worn)
 y - a +0 kite shield (worn)
 B - a scarf of repulsion (worn)
Jewellery
 a - a ring of protection from cold (right claw)
 c - a +4 ring of protection (left claw)
 o - a ring of fire
 w - a ring of ice
Wands
 k - a wand of flame (45)
 n - a wand of iceblast (18)
 F - a wand of mindburst (4)
Scrolls
 g - a scroll of teleportation
 i - 2 scrolls of noise {unknown}
 j - a scroll of summoning {unknown}
 q - 2 scrolls of vulnerability {unknown}
 r - 4 scrolls of immolation {!r}
 u - a scroll of magic mapping {unknown}
 v - 2 scrolls of enchant weapon {unknown}
 x - 3 scrolls of blinking {unknown}
 A - a scroll of amnesia {unknown}
 C - a scroll of fog {unknown}
 E - a scroll of torment {unknown}
Potions
 b - 3 potions of brilliance
 h - 5 potions of attraction {!q}
 l - 2 potions of invisibility
 m - 2 potions of flight {unknown}
 t - 2 potions of might
 z - a potion of berserk rage {!q}
 D - a potion of magic {unknown}


   Skills:
 * Level 6.7 Fighting
 + Level 4.6 Throwing
 - Level 4.0 Dodging
 - Level 1.0 Stealth
 * Level 10.6 Unarmed Combat
 + Level 3.7 Invocations
 + Level 3.5 Evocations


You had 9 spell levels left.
You didn't know any spells.
Your spell library contained the following spells:

 Spells                   Type           Power      Damage    Failure   Level
 Summon Small Mammal      Summ           0%         N/A       80%         1
 Blink                    Tloc           0%         N/A       90%         2
 Call Canine Familiar     Summ           0%         N/A       99%         3
 Ignite Poison            Fire/Tmut/Pois 0%         N/A       99%         3
 Inner Flame              Hex/Fire       0%         N/A       99%         3
 Lesser Beckoning         Tloc           0%         N/A       99%         3
 Mephitic Cloud           Conj/Pois/Air  0%         N/A       99%         3
 Summon Guardian Golem    Hex/Summ       0%         N/A       99%         3
 Cause Fear               Hex            0%         N/A       100%        4
 Hailstorm                Conj/Ice       0%         3d3       100%        4
 Ice Form                 Ice/Tmut       0%         N/A       100%        4
 Alistair's Intoxication  Tmut/Pois      0%         N/A       100%        5
 Borgnjor's Vile Clutch   Necr/Erth      0%         N/A       100%        5
 Freezing Cloud           Conj/Ice/Air   0%         6-21      100%        5
 Manifold Assault         Tloc           0%         N/A       100%        5
 Eringya's Noxious Bog    Tmut/Pois      0%         N/A       100%        6
 Simulacrum               Ice/Necr       0%         N/A       100%        6
 Storm Form               Tmut/Air       0%         N/A       100%        7
 Discord                  Hex            0%         N/A       100%        8


Dungeon Overview and Level Annotations

Branches:
Dungeon (10/15)            Temple (1/1) D:5            Lair (0/6) D:8
    Orc: D:9-12

Altars:
Ashenzari
Cheibriados
Dithmenos
Fedhas
Gozag
Hepliaklqana
Kikubaaqudgha
Makhleb
Okawaru
Qazlal
Ru
Sif Muna
Trog
Uskayaw
Vehumet
Wu Jian
Xom
Yredelemnul
Zin
The Shining One

Annotations:
D:3 1 runed translucent door, Crazy Yiuf
D:5 1 runed translucent door
D:9 2 transporters
D:10 Snorg


Innate Abilities, Weirdness & Mutations

You are too large for most types of armour.
You have claws for hands.
Your natural rate of healing is unusually fast.
You are covered in fur. (AC +1)
You have tough skin. (AC +1)


Message History

Snorg goes berserk!
You mangle Snorg!!
Snorg is heavily wounded.
You block Snorg's attack. Snorg claws you! Snorg claws you but does no damage.
You claw Snorg!
Snorg is heavily wounded.
Snorg bites you! You block Snorg's attack. Snorg claws you but does no damage.
Snorg bites you! Snorg claws you! You block Snorg's attack.
You claw Snorg!
Snorg is severely wounded.
Snorg bites you. Snorg claws you. Snorg claws you!
Uskayaw will force your foes to helplessly watch your dance.
Uskayaw prepares the audience for your solo!
You are too injured to fight recklessly!
You are too injured to fight recklessly!
The helpless Snorg fails to defend herself.
You mangle Snorg!!
Snorg is almost dead.
Snorg is no longer paralysed.
Snorg bites you! Snorg closely misses you. Snorg barely misses you.
Snorg bites you.
* * * LOW HITPOINT WARNING * * *
You block Snorg's attack. Snorg claws you but does no damage.
You claw Snorg!
Snorg is almost dead.
Snorg bites you!
* * * LOW HITPOINT WARNING * * *
Snorg claws you.
* * * LOW HITPOINT WARNING * * *
Snorg claws you.
* * * LOW HITPOINT WARNING * * *
Uskayaw prepares the audience for your solo!
The helpless Snorg fails to defend herself.
You claw Snorg!
Snorg is almost dead.
Snorg is no longer paralysed.
You block Snorg's attack. Snorg barely misses you. You block Snorg's attack.
Snorg barely misses you. Snorg claws you!
* * * LOW HITPOINT WARNING * * *
Snorg claws you.
You die...

#..PPPPPPP...#
#..PPPPPPP...#
#...(........#
#............#
..####.........#
................#
#########.......#
.......#.T.....#
.......'..@..#.#
.......#.....# #
.......#.....#
########.....#
#######.....#.#
#.......'.....#.#
#.......#.......#
#.......#.......#
#.......#.......#


You could see Snorg (berserk).

Vanquished Creatures
  A komodo dragon (D:8)
  A troll (D:9)
  3 wyverns
  A wraith (D:10)
  5 steam dragons
  Menkaure (D:4)
  Edmund (D:5)
  Duvessa (D:4)
  2 water moccasins
  2 orc warriors
  A black bear (D:6)
  A necrophage (D:6)
  5 centaurs
  A phantom (D:6)
  A kobold brigand (D:7)
  5 scorpions (D:5)
  A bullfrog (D:8)
  A gnoll sergeant (D:9)
  A wyvern zombie (D:8)
  Dowan (D:4)
  7 killer bees
  12 wights
  2 jellies
  2 centaur zombies (D:5)
  A bullfrog zombie (D:7)
  2 hounds
  5 orc priests
  A bullfrog skeleton (D:6)
  2 gnoll shamans
  2 orc wizards
  A centaur skeleton (D:6)
  3 iguanas
  A killer bee zombie (D:3)
  2 howler monkey zombies (D:8)
  19 gnolls
  6 adders
  A white imp (D:5)
  2 worms
  2 dart slugs
  20 orcs
  7 endoplasms
  8 giant cockroaches
  9 hobgoblins
  3 jackals (D:4)
  16 kobolds
  3 quokkas
  12 ball pythons
  8 bats
  5 frilled lizards
  4 goblins
  5 rats (D:1)
  A butterfly (D:5)
210 creatures vanquished.

Vanquished Creatures (others)
  15 plants
15 creatures vanquished.

Grand Total: 225 creatures vanquished

Notes
Turn   | Place    | Note
-------+----------+-------------------------------------------
     0 | D:1      | Kenran the Troll Monk began the quest for the Orb.
     0 | D:1      | Reached XP level 1. HP: 22/22 MP: 0/0
    13 | D:1      | Noticed a floating eye
    16 | D:1      | Noticed a floating eye
    20 | D:1      | Found a faded altar of an unknown god.
    23 | D:1      | Noticed a shining eye
    23 | D:1      | Noticed a great orb of eyes
    68 | D:1      | Reached XP level 2. HP: 29/29 MP: 1/1
   141 | D:1      | You fall into a shaft and drop 1 floor!
   255 | D:1      | Reached skill level 4 in Unarmed Combat
   581 | D:1      | Reached XP level 3. HP: 36/36 MP: 2/2
  1185 | D:3      | Reached XP level 4. HP: 44/44 MP: 3/3
  1497 | D:3      | Reached skill level 5 in Unarmed Combat
  1609 | D:3      | Reached XP level 5. HP: 25/53 MP: 4/4
  1953 | D:3      | Found a runed translucent door.
  1954 | D:3      | Noticed Crazy Yiuf
  2127 | D:4      | Noticed Dowan
  2127 | D:4      | Noticed Duvessa
  2164 | D:4      | Killed Duvessa
  2165 | D:4      | Reached skill level 1 in Throwing
  2165 | D:4      | Reached skill level 6 in Unarmed Combat
  2165 | D:4      | Reached XP level 6. HP: 26/61 MP: 5/5
  2182 | D:4      | Killed Dowan
  2535 | D:4      | Found an ancient bone altar of Kikubaaqudgha.
  2585 | D:4      | Noticed a water moccasin
  2596 | D:4      | Killed a water moccasin
  2774 | D:4      | Noticed Menkaure
  2778 | D:4      | Reached XP level 7. HP: 18/67 MP: 6/6
  2996 | D:4      | Killed Menkaure
  2997 | D:4      | Reached skill level 7 in Unarmed Combat
  3123 | D:5      | Entered Level 5 of the Dungeon
  3131 | D:5      | Found an opulent altar of Gozag.
  3343 | D:5      | Noticed Edmund
  3411 | D:5      | Killed Edmund
  3412 | D:5      | Reached skill level 8 in Unarmed Combat
  3509 | D:5      | Noticed a steam dragon
  3511 | D:5      | Reached XP level 8. HP: 75/79 MP: 7/7
  3539 | D:5      | Reached skill level 5 in Fighting
  3859 | D:5      | Found a runed translucent door.
  3861 | D:5      | Found a runed translucent door.
  3887 | D:5      | Found a staircase to the Ecumenical Temple.
  3893 | Temple   | Entered the Ecumenical Temple
  3902 | Temple   | Became a worshipper of Uskayaw the Reveller
  3902 | Temple   | Reached * piety under Uskayaw
  4356 | D:5      | Reached ** piety under Uskayaw
  4359 | D:5      | Reached *** piety under Uskayaw
  4362 | D:5      | Reached **** piety under Uskayaw
  4363 | D:5      | Reached ***** piety under Uskayaw
  4593 | D:6      | Reached XP level 9. HP: 77/89 MP: 8/8
  4630 | D:6      | Found a glowing golden altar of the Shining One.
  4639 | D:6      | Found a radiant altar of Vehumet.
  4689 | D:6      | Reached skill level 9 in Unarmed Combat
  4854 | D:6      | Reached skill level 1 in Invocations
  4934 | D:6      | Reached skill level 1 in Evocations
  6433 | D:8      | Reached skill level 10 in Unarmed Combat
  6491 | D:8      | Found a staircase to the Lair.
  6492 | D:8      | Noticed a komodo dragon
  6708 | D:8      | Killed a komodo dragon
  6709 | D:8      | Reached XP level 10. HP: 98/98 MP: 11/11
  7205 | D:9      | Found a burning altar of Makhleb.
  7729 | D:9      | Found a transporter.
  7735 | D:9      | Noticed a fire crab
  7759 | D:9      | Found a transporter.
  7769 | D:9      | Noticed an orc high priest
  8294 | D:10     | Entered Level 10 of the Dungeon
  8364 | D:10     | Noticed Snorg
  8383 | D:10     | HP: 2/100 [Snorg (11)]
  8383 | D:10     | Slain by Snorg

Illustrated notes

Levels and vault maps discovered:
D:1:      wander_arrival_peaceful_grave, layout_loops_ring,
          hellmonk_ecumenical_altar_watching_god, nrook_campfire
D:2:      layout_rooms
D:3:      layout_basic, uniq_crazy_yiuf_cottage
D:4:      layout_cave_pods, kennysheep_mini, hex_large, uniq_duvessa,
          uniq_menkaure
D:5:      lemuel_insect_pit, layout_gridville, grunt_gozag_breadcrumbs,
          minmay_temple_entry_gardened_gates, hex_medium,
          guppyfry_early_orc_mine, uniq_edmund
D:6:      cheibrodos_steamvent, layout_loops_corners,
          mainiacjoe_overflow_large_starburst
D:7:      layout_basic, serial_glass, glass_columns_b, glass_columns_b,
          minivault_22, minmay_misc_feat_room, minmay_hedge_maze
D:8:      layout_gridville, david_lair_shrubbed
D:9:      gammafunk_wand_slinger, layout_grid_maze, bloody_makhleb
D:10:     cheibrodos_shockbox, layout_stronghold, mainiacjoe_overflow_chevrons,
          grunt_nemelex_the_gamble, skrybe_limestone_x, uniq_snorg, uniq_sonja,
          uniq_erolcha
Temple:   nicolae_temple_no_exploring_needed

Skill      XL: |  1  2  3  4  5  6  7  8  9 |
---------------+----------------------------+-----
Unarmed Combat | 4 5 6 8 10 | 10.6
Fighting       | 3 4 5 6 |  6.7
Throwing       | 1 2 3 4 |  4.6
Dodging        | 3 4 |  4.0
Invocations    | 3 |  3.7
Evocations     | 3 |  3.5
Stealth        | |  1.0

Action                   |  1- 3 |  4- 6 |  7- 9 | 10-12 || total
-------------------------+-------+-------+-------+-------++-------
Melee: Unarmed           |   128 |   107 |   265 |    81 ||   581
       Punch             |     3 |     6 |    18 |     4 ||    31
Throw: Dart              |       |       |     4 |       ||     4
Invok: Stomp             |       |       |     1 |       ||     1
Evoke: Wand              |       |       |     3 |     5 ||     8
  Use: Scroll            |     1 |       |     4 |       ||     5
       Potion            |       |     1 |     3 |       ||     4
 Stab: Sleeping          |     4 |     2 |       |       ||     6
       Paralysed         |       |       |    10 |     9 ||    19
Armor: Robe              |    36 |    41 |    63 |       ||   140
       Steam dragon scal |       |       |    42 |    41 ||    83
Dodge: Dodged            |    72 |    46 |   150 |    51 ||   319
Block: Kite shield       |       |       |       |    10 ||    10
